 Dungeon Crawl Stone Soup version 0.24.1-14-gf8d2b509d9 (webtiles) character file.

Game seed: 16464955399397912553, levelgen mode: deterministic

1828 mortelune the Changer (level 9, -1/78 HPs)
             Began as a Naga Transmuter on May 23, 2020.
             Was a Believer of Cheibriados.
             Killed from afar by an orc wizard (3 damage)
             ... with a magic dart
             ... on level 7 of the Dungeon.
             The game lasted 00:19:30 (11766 turns).

mortelune the Changer (Naga Transmuter)            Turns: 11766, Time: 00:19:31

Health: -1/78      AC:  4    Str: 18    XL:     9   Next: 11%
Magic:  17/18      EV: 10    Int: 24    God:    Cheibriados [**....]
Gold:   254        SH:  0    Dex: 17    Spells: 5/20 levels left

rFire    + + .     SeeInvis +     - Unarmed
rCold    . . .     Gourm    .   (shield currently unavailable)
rNeg     . . .     Faith    .   l - +0 robe
rPois    +         Spirit   .   (no helmet)
rElec    .         Reflect  .   y - scarf {rC+ rF+}
rCorr    .         Harm     .   (gloves currently unavailable)
MR       +....                  (no barding)
Stlth    ++........             (no amulet)
HPRegen  0.23/turn              z - ring of flight
MPRegen  0.16/turn              u - ring of fire

@: blade hands, very slow
A: large, see invisible, deformed body, poison resistance, slowness 2, slow
metabolism 1, spit poison 1, AC +3
a: Spit Poison, End Transformation, Bend Time, Renounce Religion, Evoke Flight


You were on level 7 of the Dungeon.
You worshipped Cheibriados.
Cheibriados was pleased with you.
You were not hungry.
You had blades for hands.
You visited 2 branches of the dungeon, and saw 8 of its levels.
You also visited: Sewer.

You collected 254 gold pieces.

Inventory:

Hand Weapons
 b - a +0 hunting sling
Missiles
 m - 28 arrows
 Q - 140 stones (quivered)
Armour
 l - a +0 robe (worn)
 x - a +0 buckler
 y - a scarf of resistance (worn)
 A - a +0 cloak
Jewellery
 u - a ring of fire (right scythe-like blade)
 z - a ring of flight (left scythe-like blade)
 P - an uncursed ring of poison resistance
Scrolls
 a - a scroll of enchant weapon
 c - 4 scrolls of remove curse
 e - 2 scrolls of fear
 f - 2 scrolls of enchant armour
 i - 2 scrolls of identify
 k - a scroll of amnesia
 r - a scroll of random uselessness
 t - 2 scrolls of teleportation
 w - a scroll of magic mapping
 B - a scroll of blinking
Potions
 g - 4 potions of brilliance
 h - 2 potions of ambrosia {unknown}
 j - 2 potions of might
 o - a potion of agility
 p - a potion of berserk rage
 q - a potion of haste
 s - 2 potions of curing
 v - a potion of lignification
Comestibles
 d - 10 rations
 n - a chunk of flesh


   Skills:
 + Level 3.8 Fighting
 - Level 1.5 Dodging
 + Level 4.8 Unarmed Combat
 * Level 6.3 Spellcasting
 * Level 7.9 Transmutations


You had 5 spell levels left.
You knew the following spells:

 Your Spells              Type           Power        Failure   Level  Hunger
a - Beastly Appendage     Tmut           #####.       10%         1    None
b - Sticks to Snakes      Tmut           #####...     11%         2    None
c - Spider Form           Tmut/Pois      ####......   32%         3    None
d - Ice Form              Ice/Tmut       ####....     56%         4    ###....
e - Blade Hands           Tmut           #####.....   43%         5    #####..

Your spell library contained the following spells:

 Spells                   Type           Power        Failure   Level  Hunger
 Magic Dart               Conj           #...         41%         1    None
 Summon Small Mammal      Summ           #...         41%         1    None
 Blink                    Tloc           N/A          50%         2    None
 Call Imp                 Summ           #.......     50%         2    None
 Slow                     Hex            #.......     50%         2    None
 Conjure Flame            Conj/Fire      ##......     65%         3    None
 Mephitic Cloud           Conj/Pois/Air  #.......     65%         3    None


Dungeon Overview and Level Annotations

Branches:
Dungeon (7/15)             Temple (1/1) D:4           Sewer (visited)

Altars:
Ashenzari
Cheibriados
Dithmenos
Elyvilon
Gozag
Kikubaaqudgha
Makhleb
Okawaru
Qazlal
Ru
Sif Muna
Trog
Uskayaw
Vehumet
Wu Jian
Xom
Yredelemnul
Zin
The Shining One

Annotations:
D:5 Pikel


Innate Abilities, Weirdness & Mutations

You cannot wear boots.
Your serpentine skin is tough. (AC +3)
You have supernaturally acute eyesight. (SInv)
Armour fits poorly on your strangely shaped body.
Your system is resistant to poisons. (rPois)
You cover ground very slowly.
You have a slow metabolism.
You can spit poison.


Message History

The orc wizard points at you and mumbles some strange words.
The magic dart hits you.
The orc warrior throws a stone.
The stone hits you!
You closely miss the orc wizard. Your slash misses the orc wizard.
The orc wizard is lightly wounded.
The orc wizard hits you but does no damage.
The orc wizard gestures wildly while chanting.
The orc wizard blinks!
The orc warrior throws a stone.
The stone hits you. The orc wizard closely misses you.
The orc wizard hits you but does no damage.
The orc wizard casts a spell.
The orc wizard blinks!
The orc warrior throws a stone.
The stone closely misses you.
The orc warrior throws a stone.
The stone hits you!
* * * LOW HITPOINT WARNING * * *
You see here 2 stones.
The orc warrior hits you with a +0 battleaxe!
* * * LOW HITPOINT WARNING * * *
The orc wizard casts a spell at you. The magic dart hits you.
You die...

.#.. ### . ..#.# ...#...
....#######.......
#.(.#....#.......
#..............
##............# ####
###....))).......
##..#####.().(...(.......
#...#..#@.(##.[..(..#..#.
####......oo####..(((†.....
##.....(......##.........###
#<..#..........#[.((......##
#...###....##.(...(.......#
#..###.....#.#####(.........
##..##........#.##.#........
#.........#.......##.......
###.......#...........<....


You could see an orc warrior and an orc wizard.

Vanquished Creatures
  Joseph (D:7)
  Edmund (D:5)
  A sky beast (D:7)
  2 slaves (D:5)
  2 phantoms
  An ogre (D:6)
  A bullfrog (D:4)
  A howler monkey (D:7)
  A crimson imp (D:7)
  A bullfrog zombie (D:6)
  A hound (D:6)
  4 orc wizards
  2 bullfrog skeletons
  2 orc priests
  An iguana (D:6)
  Natasha (thrice) (D:2)
  7 worker ants
  A howler monkey skeleton (D:5)
  4 adders
  6 gnolls
  3 oozes
  An adder skeleton (D:5)
  6 worms
  3 dart slugs
  8 leopard geckos
  20 orcs
  10 giant cockroaches
  4 goblins
  7 hobgoblins
  10 jackals
  14 kobolds
  3 quokkas
  4 ball pythons
  7 bats
  12 frilled lizards
  A leopard gecko skeleton (D:4)
  A leopard gecko zombie (D:7)
  11 rats
  A plant (Sewer)
169 creatures vanquished.

Vanquished Creatures (collateral kills)
  A centaur (D:7)
  Blork the orc (D:4)
  An orc priest (D:4)
  2 gnolls (D:7)
  3 orcs
  A goblin (D:2)
  2 kobolds (Sewer)
  A ball python (D:4)
12 creatures vanquished.

Vanquished Creatures (others)
  A plant (Sewer)
1 creature vanquished.

Grand Total: 182 creatures vanquished

Notes
Turn   | Place    | Note
-------+----------+-------------------------------------------
     0 | D:1      | mortelune the Naga Transmuter began the quest for the Orb.
     0 | D:1      | Reached XP level 1. HP: 18/18 MP: 3/3
   456 | D:1      | Reached XP level 2. HP: 25/25 MP: 3/5
   460 | D:1      | Learned a level 2 spell: Sticks to Snakes
  1233 | D:1      | Reached skill level 3 in Transmutations
  1496 | D:1      | Reached XP level 3. HP: 27/31 MP: 4/6
  1754 | D:1      | Learned a level 3 spell: Spider Form
  2278 | D:2      | Noticed a moth of wrath
  2281 | D:2      | Found a bloodstained altar of Trog.
  2527 | D:2      | Found a faded altar of an unknown god.
  2527 | D:2      | Noticed Natasha
  2539 | D:2      | Killed Natasha
  2539 | D:2      | Reached XP level 4. HP: 22/38 MP: 1/8
  3021 | D:2      | Reached skill level 4 in Transmutations
  3247 | D:2      | Noticed Natasha
  3259 | D:2      | Killed Natasha
  3259 | D:2      | Reached XP level 5. HP: 40/44 MP: 2/9
  3487 | D:2      | Noticed Natasha
  3502 | D:2      | Killed Natasha
  3508 | D:2      | Found a white marble altar of Elyvilon.
  4232 | D:3      | Found a glowing drain.
  4270 | Sewer    | Entered a sewer
  4897 | Sewer    | Learned a level 4 spell: Ice Form
  5512 | D:3      | Reached skill level 5 in Transmutations
  5512 | D:3      | Reached XP level 6. HP: 51/51 MP: 7/11
  6441 | D:3      | Found a radiant altar of Vehumet.
  6444 | D:3      | Found a shimmering blue altar of Sif Muna.
  6444 | D:3      | Found an ancient bone altar of Kikubaaqudgha.
  6451 | D:3      | Identified Sif Muna's Incunabulum of Calling
  6780 | D:4      | Found a staircase to the Ecumenical Temple.
  6797 | Temple   | Entered the Ecumenical Temple
  6839 | Temple   | Became a worshipper of Cheibriados the Contemplative
  6958 | D:4      | Found a stormy altar of Qazlal.
  7116 | D:4      | You fall into a shaft and drop 1 floor!
  7116 | D:5      | Entered Level 5 of the Dungeon
  7617 | D:5      | Found a glowing golden altar of the Shining One.
  7636 | D:5      | Noticed Edmund
  7657 | D:5      | Killed Edmund
  7657 | D:5      | Reached skill level 6 in Transmutations
  7657 | D:5      | Reached XP level 7. HP: 18/58 MP: 7/13
  8093 | D:5      | Noticed Pikel
  8119 | D:4      | Reached * piety under Cheibriados
  8353 | D:5      | Found an ancient bone altar of Kikubaaqudgha.
  8647 | D:4      | Noticed Blork the orc
  8654 | D:4      | Killed Blork the orc
  8792 | D:4      | Learned a level 5 spell: Blade Hands
  8885 | D:4      | Found a shattered altar of Ashenzari.
  9242 | D:5      | Reached XP level 8. HP: 68/68 MP: 11/15
  9340 | D:6      | Reached skill level 5 in Spellcasting
 10212 | D:6      | Found a shimmering altar of Xom.
 10218 | D:6      | Found an opulent altar of Gozag.
 10219 | D:6      | Found an ornate altar of the Wu Jian Council.
 10323 | D:6      | Reached ** piety under Cheibriados
 10414 | D:6      | Reached skill level 7 in Transmutations
 11434 | D:7      | Noticed Joseph
 11585 | D:7      | Killed Joseph
 11585 | D:7      | Reached XP level 9. HP: 34/78 MP: 11/18
 11766 | D:7      | HP: 2/78 [orc warrior/+0 battleaxe (14)]
 11766 | D:7      | Killed from afar by an orc wizard

Levels and vault maps discovered:
D:1:      saegor_arrival_simple_a, layout_basic, minmay_pentomino_p2
D:2:      layout_basic, elyvilon_altar_5, first_ration,
          chequers_ecumenical_altar_simple_redux, tgw_trog, uniq_natasha
D:3:      layout_loops_ring, grunt_temple_overflow_magic_moments,
          portal_sewer_entry_f
D:4:      layout_gridville, kennysheep_little_box, overflow_temple_1_default,
          minmay_temple_entry_butterflies, uniq_blork_the_orc
D:5:      layout_loops_cross, tso_metal_star, basic_altar, uniq_edmund,
          uniq_pikel
D:6:      layout_cave_pools, chequers_temple_overflow_statue_of_worship
D:7:      layout_cave_pools, nicolae_overflow_hidden_temple,
          serial_column_ruins, column_ruins_corridor_straight,
          column_ruins_open_tiny, column_ruins_corridor_dead_end,
          column_ruins_grid_3, column_ruins_grid_1, uniq_joseph
Temple:   jpeg_temple_island

Skill      XL: |  1  2  3  4  5  6  7  8 |
---------------+-------------------------+-----
Transmutations | 3 4 5 6 7 |  7.9
Spellcasting   | 3 4 6 |  6.3
Fighting       | 2 3 |  3.8
Unarmed Combat | 4 |  4.8
Dodging        | |  1.5

Action                   |  1- 3 |  4- 6 |  7- 9 || total
-------------------------+-------+-------+-------++-------
Melee: Unarmed           |    89 |   301 |   169 ||   559
       Headbutt          |    12 |    10 |     4 ||    26
       Punch             |     3 |     2 |     2 ||     7
 Fire: Hunting sling     |       |    14 |       ||    14
Throw: Stone             |       |       |     9 ||     9
 Cast: Beastly Appendage |    23 |    12 |     4 ||    39
       Spider Form       |     1 |    36 |     7 ||    44
       Sticks to Snakes  |       |     8 |    13 ||    21
       Ice Form          |       |       |    14 ||    14
       Blade Hands       |       |       |    11 ||    11
  Use: Potion            |     3 |       |     2 ||     5
       Scroll            |       |    17 |     1 ||    18
 Stab: Sleeping          |       |     1 |       ||     1
       Distracted        |       |       |     2 ||     2
  Eat: Chunk             |     3 |    18 |     7 ||    28
       Ration            |       |       |     2 ||     2
Armor: Robe              |    12 |    26 |    22 ||    60
       Skin              |     1 |    10 |    24 ||    35
Dodge: Dodged            |    54 |   207 |   145 ||   406
